 Dungeon Crawl Stone Soup version 0.28-a0-726-g4a9143789a (webtiles) character file.

Game seed: 1146541426180095075

80 flotson the Sneak (level 4, -4/35 HPs)
             Began as a Demonspawn Delver on Oct 27, 2021.
             Slain by a gnoll (8 damage)
             ... on level 3 of the Dungeon.
             The game lasted 00:03:58 (2107 turns).

flotson the Sneak (Demonspawn Delver)               Turns: 2107, Time: 00:03:58

Health: -4/35      AC:  8    Str: 14    XL:     4   Next: 18%
Magic:  4/4        EV:  9    Int: 11    God:
Gold:   107        SH:  3    Dex: 14    Spells: 3/3 levels left

rFire   . . .      SeeInvis .   a - +0 hand axe
rCold   . . .      Faith    .   h - +0 buckler
rNeg    . . .      Spirit   .   m - +0 scale mail
rPois   .          Reflect  .   (no helmet)
rElec   .          Harm     .   (no cloak)
rCorr   .          Rampage  .   (no gloves)
Will    .....                   (no boots)
Stlth   +.........              (no amulet)
HPRegen 0.11/turn               (no ring)
MPRegen 0.09/turn               (no ring)

@: hasted, studying Shields, very quick
A: molten scales 1, powered by pain 2
a: no special abilities


You were on level 3 of the Dungeon.
You visited 2 branches of the dungeon, and saw 6 of its levels.

You collected 107 gold pieces.

Inventory:

Hand Weapons
 a - a +0 hand axe (weapon)
Missiles
 j - 2 boomerangs (quivered)
Armour
 h - a +0 buckler (worn)
 m - a +0 scale mail (worn)
Wands
 g - a wand of digging (3)
Scrolls
 c - a scroll of fog
 d - a scroll of magic mapping
 e - a scroll of fear
 i - 2 scrolls of amnesia {unknown}
 k - a scroll of noise {unknown}
 n - a scroll of enchant weapon {unknown}
 o - a scroll of immolation {unknown}
Potions
 b - a potion of mutation {unknown}
 f - a potion of haste
 l - a potion of heal wounds {unknown}


   Skills:
 + Level 3.5 Fighting
 + Level 2.4 Axes
 + Level 0.6 Throwing
 + Level 1.3 Armour
 + Level 2.4 Dodging
 - Level 4.5 Stealth
 + Level 0.6 Shields


You had 3 spell levels left.
You didn't know any spells.
Your spell library contained the following spells:

 Spells                   Type           Power      Damage    Failure   Level
 Sandblast                Erth           0%         2d4       94%         1
 Passwall                 Tmut/Erth      0%         N/A       98%         2
 Portal Projectile        Hex/Tloc       0%         N/A       100%        3
 Stone Arrow              Conj/Erth      0%         3d7       100%        3
 Blade Hands              Tmut           0%         N/A       100%        5
 Excruciating Wounds      Necr           0%         N/A       100%        5


Dungeon Overview and Level Annotations

Branches:
Dungeon (5/15)             Temple (1/1) D:5

Altars:
Ashenzari
Dithmenos
Hepliaklqana
Makhleb
Qazlal
Ru
The Shining One
Lugonu

Shops:
D:2 :?*


Innate Abilities, Weirdness & Mutations

You are partially covered in molten scales. (AC +2)
You sometimes gain power by taking damage.


Message History

You closely miss the gnoll.
The gnoll is moderately wounded.
The gnoll hits you but does no damage.
You hit the gnoll but do no damage.
The gnoll is moderately wounded.
The gnoll misses you.
You barely miss the gnoll.
The gnoll is moderately wounded.
The gnoll hits you but does no damage. The gnoll closely misses you.
You closely miss the gnoll.
The gnoll is moderately wounded.
You block the gnoll's attack.
You hit the gnoll.
The gnoll is moderately wounded.
The gnoll hits you with a +0 flail!
You hit the gnoll.
The gnoll is heavily wounded.
The gnoll barely misses you.
You barely miss the gnoll.
The gnoll is heavily wounded.
The gnoll closely misses you. The gnoll hits you with a +0 flail.
You closely miss the gnoll.
The gnoll is heavily wounded.
The gnoll hits you with a +0 flail!
* * * LOW HITPOINT WARNING * * *
You feel yourself speed up. The gnoll barely misses you.
Throw: 2 boomerangs
Press: ? - help, Q - select action Shift-Dir - straight line, f/p - gnoll
Aim: a gnoll, wielding a +0 flail (heavily wounded, 63% to hit)
You throw a boomerang. The boomerang closely misses the gnoll.
The ball python hisses angrily.
You hit the gnoll but do no damage.
The gnoll is heavily wounded.
You barely miss the gnoll.
The gnoll is heavily wounded.
The gnoll hits you but does no damage.
You hit the gnoll.
The gnoll is severely wounded.
You barely miss the ball python. The gnoll hits you with a +0 flail!
You die...

#.# #.# # . .. #.###########.#
... # #. ...........##.#
##.....#.##. ..o.oog.(.....#
##............ #.########.#..#
#........ .... #.########....#
#.. ...#. #. #........###..#
#.#...... #
.........###..######.#..#.# ###
...............S@g........#. #..
..............######.#..#........
....###..###..# ###.#....#######
.........≈≈......#.......##....##
..≈≈....≈≈≈≈.....###.#.###......
).≈≈≈...≈≈≈≈.....##..#.# .......
...≈...≈≈≈≈≈...........# ....#..
.......≈≈≈≈≈..)..##....##...###g
.......≈≈≈≈≈≈....##.....'...#y#.


You could see a gnoll and a ball python.

Vanquished Creatures
  A bullfrog zombie (D:5)
  A gnoll (D:3)
  2 orcs
  4 ball pythons (D:1)
  5 bats
  4 endoplasms
  2 giant cockroaches (D:3)
  3 goblins
  3 hobgoblins
  3 kobolds
  2 quokkas
  3 rats
  A spectral hobgoblin (D:1)
34 creatures vanquished.

Vanquished Creatures (others)
  A gnoll (D:3)
1 creature vanquished.

Grand Total: 35 creatures vanquished

Notes
Turn   | Place    | Note
-------+----------+-------------------------------------------
     0 | D:5      | flotson the Demonspawn Delver began the quest for the Orb.
     0 | D:5      | Reached XP level 1. HP: 18/18 MP: 1/1
    29 | D:5      | Reached skill level 1 in Armour
    29 | D:5      | Gained mutation: You sometimes gain a little power by
                  | taking damage. [demonic ancestry]
    29 | D:5      | Reached XP level 2. HP: 18/24 MP: 2/2
    29 | D:5      | Gained mutation: You sometimes gain power by taking damage.
                  | [demonic ancestry]
    29 | D:5      | Reached XP level 3. HP: 22/29 MP: 3/3
    41 | D:5      | Found a staircase to the Ecumenical Temple.
    52 | Temple   | Entered the Ecumenical Temple
   233 | D:2      | Found Cutweimy's Magic Scroll Boutique.
   818 | D:1      | Found a faded altar of an unknown god.
  1510 | D:2      | Found Ciev's Assorted Antiques.
  1538 | D:2      | Found Hoaghuna's Book Emporium.
  1689 | D:3      | Gained mutation: You are partially covered in molten
                  | scales. (AC +2) [demonic ancestry]
  1689 | D:3      | Reached XP level 4. HP: 24/35 MP: 4/4
  2076 | D:3      | Noticed a moth of wrath
  2107 | D:3      | Slain by a gnoll

Illustrated notes

Levels and vault maps discovered:
D:1:      evilmike_arrival_fibonacci_small, layout_basic,
          dreamdust_ecumenical_altar_drowned_temple,
          hangedman_abyss_or_decor_lesser_grid
D:2:      layout_rooms, serial_shops, nicolae_shop_trees,
          nicolae_shop_window_shopping, shop
D:3:      layout_basic, led_sif_book, tgw_trog, grunt_ministairs_14,
          lemuel_old_faithful
D:4:      layout_rooms, gammafunk_temple_overflow_claw
D:5:      layout_basic, kennysheep_slug_shrine, kennysheep_mini,
          mainiacjoe_overflow_cross_hatched, minmay_temple_entry_ruins,
          st_stairs_10
Temple:   corrupted_temple

Skill      XL: |  1 |
---------------+----+-----
Axes           | 2 |  2.4
Armour         | 1 |  1.3
Dodging        | 2 |  2.4
Fighting       | |  3.5
Throwing       | |  0.6
Stealth        | |  4.5
Shields        | |  0.6

Action                   |  1- 3 |  4- 6 || total
-------------------------+-------+-------++-------
Melee: Great sword       |    47 |       ||    47
       Hand axe          |    35 |    29 ||    64
Throw: Boomerang         |     4 |     5 ||     9
  Use: Potion            |     1 |     1 ||     2
 Stab: Sleeping          |    10 |       ||    10
Armor: Leather armour    |    19 |       ||    19
       Scale mail        |    19 |    12 ||    31
Dodge: Dodged            |    70 |    14 ||    84
Block: Buckler           |     6 |     3 ||     9

Table legend: (Time is in decaauts)
 A = Elapsed time spent in this place.
 B = Non-inter-level travel time spent in this place.
 C = Inter-level travel time spent in this place.
 D = Time resting spent in this place.
 E = Time spent auto-exploring this place.
 F = Levels seen in this place.
 G = Mean time per level.
                   A        B        C        D        E       F      G
               +--------+--------+--------+--------+--------+-----+--------+
         Total |   2151 |   2096 |     55 |      0 |   1611 |   6 |  358.5 |
       Dungeon |   2043 |   2001 |     42 |      0 |   1522 |   5 |  408.6 |
        Temple |    108 |     95 |     13 |      0 |     89 |   1 |  108.0 |
               +--------+--------+--------+--------+--------+-----+--------+

Top non-repeatable levels by time:
     D:1: 884 daAuts
     D:2: 593 daAuts
     D:3: 483 daAuts
  Temple: 108 daAuts
     D:5: 75 daAuts
     D:4: 6 daAuts
